Map: [ESL] Moondance

Players

LiquidElazer (Elazer) - Winner!

  • Race: Zerg Zerg
  • Spawn Location: 12:00

Reynor

  • Race: Protoss Protoss
  • Spawn Location: 6:00

Event: HomeStory Cup XXI

VOD

Have the link to the VOD?

Description

Time

  • Played on: July 23, 2022, 4:31 p.m.
  • Length: 7:47

All games in this series

Show
View Real Time Build Order
Export as new Build Order

LiquidElazer Zerg - Winner!

Build Orders: Hatch First 

Get SALT Encoding   

  12  0:00  Drone  
  13  0:11  Overlord  
  13  0:16  Drone  
  14  0:30  Drone x2  
  16  0:48  Hatchery  
  15  0:50  Drone  
  15  0:54  Drone  
  17  0:57  Drone  
  18  1:12  Spawning Pool  
  18  1:14  Extractor  
  18  1:16  Drone  
  17  1:18  Drone  
  18  1:27  Drone  
  19  1:38  Drone  
  20  1:50  Drone  
  21  1:59  Queen  
  23  2:01  Queen  
  23  2:02  Overlord, Zergling x2  
  26  2:11  Drone x2  
  26  2:14  Metabolic Boost  
  28  2:23  Drone x2  
  30  2:32  Hatchery  
  29  2:37  Drone  
  29  2:41  Queen  
  33  2:44  Drone  
  33  2:48  Overlord  
  33  2:51  Drone  
  33  2:54  Drone x2  
  36  3:04  Overlord  
  36  3:06  Queen  
  36  3:07  Drone  
  36  3:11  Drone x2  
  36  3:12  Drone  
  42  3:17  Queen  
  44  3:25  Drone  
  45  3:27  Spore Crawler  
  45  3:30  Overlord  
  45  3:31  Drone x2  
  46  3:39  Drone  
  46  3:40  Drone x3  
  50  3:44  Queen  
  50  3:46  Drone x2  
  54  3:50  Drone x2  
  54  3:53  Drone x2  
  58  3:57  Overlord  
  58  4:01  Overlord  
  58  4:04  Queen  
  58  4:07  Overlord  
  60  4:15  Overlord  
  60  4:16  Lair  
  58  4:19  Spore Crawler  
  58  4:22  Queen  
  58  4:23  Drone x3  
  62  4:25  Overlord  
  62  4:30  Drone x3  
  64  4:32  Zergling x2  
  64  4:33  Zergling x2  
  64  4:35  Zergling x2  
  64  4:36  Zergling x2  
  68  4:42  Overlord, Queen  
  68  4:45  Zergling x4  
  72  4:50  Zergling x8  
  76  5:00  Overlord  
  76  5:03  Overlord  
  76  5:09  Overlord  
  76  5:15  Queen  
  76  5:16  Queen  
  76  5:17  Nydus Network  
  76  5:18  Zergling x18  
  88  5:24  Queen  
  88  5:27  Overlord  
  88  5:28  Overseer  
  90  5:35  Zergling x2  
  90  5:36  Zergling x14  
  98  5:49  Overlord  
  98  5:55  Queen x2  
  102  5:58  Nydus Canal  
  102  6:02  Queen  
  104  6:10  Zergling x2  
  104  6:11  Zergling x24  
  116  6:22  Nydus Canal  
  113  6:29  Zergling x8  
  113  6:34  Overlord x3  
  113  6:39  Queen  
  113  6:42  Queen  
  113  6:45  Zergling x2  
  113  6:50  Zergling x8  
  109  6:55  Nydus Canal  
  109  6:57  Zergling x10  
  110  7:04  Zergling x16  
  110  7:07  Queen  
  115  7:19  Zergling x2  
  115  7:20  Zergling x6  
  114  7:28  Zergling x6  
Show
View Real Time Build Order
Export as new Build Order

Reynor Protoss 

Build Orders: 1 Gate Expand, Oracle Opening, Mass Phoenix 

Get SALT Encoding   

  12  0:00  Probe  
  13  0:12  Probe  
  14  0:17  Pylon  
  14  0:24  Probe  
  15  0:36  Probe (Chrono Boost)  
  15  0:38  Gateway  
  16  0:43  Assimilator  
  16  0:48  Probe (Chrono Boost)  
  17  0:55  Probe (Chrono Boost)  
  18  1:03  Probe  
  19  1:15  Probe  
  20  1:26  Nexus  
  20  1:36  Cybernetics Core  
  20  1:38  Probe  
  21  1:47  Assimilator  
  21  1:50  Probe  
  22  1:56  Pylon  
  22  2:02  Probe  
  23  2:11  Stalker (Chrono Boost)  
  23  2:14  Probe  
  26  2:21  Stargate  
  26  2:27  Probe  
  27  2:30  Warp Gate  
  27  2:35  Adept  
  29  2:38  Probe (Chrono Boost)  
  31  2:45  Probe (Chrono Boost)  
  31  2:48  Probe (Chrono Boost)  
  33  2:52  Probe (Chrono Boost)  
  33  2:53  Probe (Chrono Boost)  
  34  3:01  Oracle (Chrono Boost)  
  34  3:03  Gateway  
  37  3:06  Probe  
  37  3:08  Probe  
  39  3:18  Probe  
  40  3:20  Probe  
  40  3:25  Pylon  
  41  3:28  Oracle (Chrono Boost)  
  41  3:30  Probe  
  41  3:32  Probe  
  46  3:43  Probe  
  46  3:44  Probe  
  46  3:47  Nexus  
  48  3:54  Assimilator  
  48  3:55  Probe  
  49  4:03  Probe, Stargate  
  49  4:05  Assimilator  
  49  4:08  Probe  
  49  4:09  Pylon  
  51  4:15  Probe  
  52  4:20  Probe  
  53  4:27  Probe  
  51  4:31  Phoenix (Chrono Boost)  
  51  4:32  Probe  
  54  4:39  Probe  
  54  4:42  Shield Battery  
  54  4:45  Pylon, Probe  
  56  4:46  Phoenix (Chrono Boost)  
  56  4:47  Phoenix (Chrono Boost)  
  56  4:51  Probe  
  61  4:57  Probe  
  62  5:01  Probe  
  62  5:03  Probe  
  62  5:04  Phoenix (Chrono Boost)  
  66  5:07  Phoenix (Chrono Boost)  
  66  5:09  Probe  
  66  5:10  Assimilator  
  66  5:13  Probe  
  70  5:14  Pylon  
  70  5:15  Probe  
  70  5:21  Probe  
  72  5:25  Probe  
  72  5:26  Phoenix (Chrono Boost)  
  72  5:27  Probe  
  76  5:31  Pylon  
  76  5:32  Phoenix (Chrono Boost)  
  76  5:33  Probe  
  79  5:37  Probe  
  79  5:39  Probe  
  81  5:43  Twilight Council, Forge  
  81  5:45  Probe, Phoenix (Chrono Boost)  
  81  5:47  Shield Battery  
  81  5:49  Probe  
  85  5:51  Probe  
  85  5:56  Shield Battery  
  86  5:57  Pylon, Probe  
  86  6:02  Stalker, Probe  
  86  6:04  Stalker, Probe  
  91  6:06  Phoenix  
  91  6:09  Probe  
  96  6:14  Probe  
  96  6:16  Shield Battery  
  96  6:18  Shield Battery  
  97  6:23  Oracle  
  97  6:25  Probe x2  
  102  6:30  Stalker x2  
  106  6:34  Gateway  
  106  6:35  Gateway  
  106  6:43  Probe x3  
  109  6:47  Photon Cannon  
  109  6:48  Photon Cannon  
  109  6:54  Pylon  
  109  7:00  Phoenix (Chrono Boost)  
  107  7:01  Pylon  
  107  7:04  Phoenix (Chrono Boost)  
  107  7:07  Stalker  
  104  7:12  Probe x3  
  82  7:23  Phoenix (Chrono Boost)  
  78  7:30  Zealot x3  
Tags
 
Add a new tag
Caveats
  • Supply blocks, unpowered buildings, or Contaminate may cause inaccurate times.
  • Supply counts are checked every 10 seconds.